[Event "Early-Titled-Tuesday-Blitz-February-20-2024"]
[Site "Chess.com"]
[Date "2024.02.20"]
[Round "11"]
[White "Hope_6"]
[Black "Navyblue1"]
[Result "0-1"]
[WhiteElo "2705"]
[BlackElo "2194"]
[TimeControl "180+1"]
[EndTime "10:09:30 PST"]
[Termination "Navyblue1 won by checkmate"]

1. d4 Nf6 2. c4 g6 3. Nc3 Bg7 4. e4 d6 5. f3 O-O 6. Be3 c5 7. Nge2 cxd4 8. Nxd4 Nc6 9. Be2 Nd7 10. Nxc6 bxc6 11. O-O Ba6 12. Qa4 Bb7 13. Rad1 Nb6 14. Qc2 c5 15. Nd5 Nxd5 16. cxd5 Qb6 17. b3 Ba6 18. Kh1 Bxe2 19. Qxe2 a5 20. Rb1 Qb4 21. Bd2 Qb7 22. Qc4 Qa6 23. Qc2 a4 24. b4 cxb4 25. Bxb4 Rfc8 26. Qf2 Rc4 27. a3 Rac8 28.
Qe2 Qa8 29. f4 Rc2 30. Qe3 Bc3 31. Qd3 Bxb4 32. axb4 Qa7 33. b5 Qb6 34. Qa3 R8c4 35. e5 R2c3 36. Qa2 Rc2 37. Qa3 R2c3 38. Qa2 Rc2 39.
Qa1 R2c3 40. e6 f6 41. Qa2 Kg7 42. Qd2 Rc5 43. Qd4 R3c4 44. Qd2 Rxb5 45. Ra1 Rb3 46. Qe2 Qc5 47. h4 Rbb4 48. h5 Rxf4 49. Rfc1 Rh4# 0-1

[Event "Early-Titled-Tuesday-Blitz-February-20-2024"]
[Site "Chess.com"]
[Date "2024.02.20"]
[Round "11"]
[White "Vaathi_Coming"]
[Black "Kirill_Klukin"]
[Result "1-0"]
[WhiteElo "2919"]
[BlackElo "2851"]
[TimeControl "180+1"]
[EndTime "10:09:33 PST"]
[Termination "Vaathi_Coming won by resignation"]

1. b3 d5 2. Bb2 Nf6 3. Nf3 Bf5 4. g3 e6 5. Bg2 Be7 6. O-O O-O 7. d3 h6 8. Nbd2 c5 9. Ne5 Nbd7 10. e4 Bh7 11. f4 dxe4 12. Nxd7 Qxd7 13. Nxe4 Nd5 14. Qg4 Bg6 15. Rae1 Kh7 16. Nd2 Nb4 17. Nc4 Bf6 18. Bxf6 gxf6 19. Rf2 Rg8 20. Qh4 Kg7 21. g4 Qd4 22. Ne3 Rae8 23. Qg3 Kh8 24. Bxb7 Nd5 25. Bxd5 exd5 26. Rfe2 h5 27. h3 Bh7 28. Kg2 Re6 29.
Qf3 Rge8 30. c3 Qxd3 31. Kf2 d4 32. cxd4 Qxd4 33. Rd1 Bd3 34. Ree1 Qb2+ 35. Kg3 Qd4 36. Nf5 Qd7 37. Rxe6 Qxe6 38. Rxd3 h4+ 39. Kxh4 Qe1+ 40. Ng3 Qe2 41. g5 Qe6 42. Qh5+ Kg8 43. gxf6 Qxf6+ 44. Qg5+ Qg7 45. Qxg7+ Kxg7 46. Nh5+ Kg6 47. Rd6+ Kf5 48. Ng7+ 1-0

[Event "Early-Titled-Tuesday-Blitz-February-20-2024"]
[Site "Chess.com"]
[Date "2024.02.20"]
[Round "11"]
[White "FairChess_on_YouTube"]
[Black "Eagle_2019"]
[Result "1/2-1/2"]
[WhiteElo "3054"]
[BlackElo "2898"]
[TimeControl "180+1"]
[EndTime "10:09:33 PST"]
[Termination "Game drawn by repetition"]

1. d4 d5 2. c4 e6 3. Nf3 Nf6 4. Bg5 c6 5. Nbd2 Nbd7 6. e3 Be7 7. Bd3 O-O 8. O-O c5 9. Rc1 b6 10. Ne5 Bb7 11. f4 cxd4 12. exd4 dxc4 13. Ndxc4 Rc8 14. Kh1 h6 15. Bh4 Nd5 16. Nd6 Rxc1 17. Qxc1 Ba8 18.
Ndxf7 Rxf7 19. Nxf7 Kxf7 20. Bg3 Bf6 21. f5 e5 22.
dxe5 Bxe5 23. Qe1 Qf6 24. Bc4 Kf8 25. Bb3 Qd6 26. Qf2 Bxg3 27. Qxg3 Qxg3 28. hxg3 N7f6 29. Rc1 Bb7 30. Bxd5 Nxd5 31. Kh2 Ke7 32. g4 Kd7 33. Kg3 Ne3 34. Re1 Nd5 35. Re6 Nf6 36. Re1 Bd5 37. a3 Kd6 38. Re2 Kd7 39. Kf4 Bc4 40. Rc2 Bf7 41. g5 Nd5+ 42. Ke5 hxg5 43. Rd2 Kc6 44.
Rc2+ Kd7 45. Rd2 Kc6 46. Rc2+ Kd7 1/2-1/2

[Event "Early-Titled-Tuesday-Blitz-February-20-2024"]
[Site "Chess.com"]
[Date "2024.02.20"]
[Round "11"]
[White "nicolasbatista3"]
[Black "ZuraTqebuchava"]
[Result "1-0"]
[WhiteElo "2396"]
[BlackElo "2268"]
[TimeControl "180+1"]
[EndTime "10:09:33 PST"]
[Termination "nicolasbatista3 won on time"]

1. d4 g6 2. c4 Bg7 3. Nc3 d6 4. h3 Nc6 5. Nf3 Nf6 6. e4 e5 7.
d5 Ne7 8. Be3 O-O 9. Be2 h6 10.
Qd2 Kh7 11. g4 Ne8 12. h4 f5 13. gxf5 gxf5 14. exf5 Nxf5 15. Bd3 Kh8 16. Bxf5 Bxf5 17. Bxh6 Qf6 18. Bxg7+ Nxg7 19. Ng5 Bg4 20. Nce4 Qf5 21. Rg1 Bf3 22. Qe3 Bxe4 23. Nxe4 Qf4 24. Ke2 Nf5 25.
Qxf4 Nd4+ 26. Kd3 Rxf4 27. Rg3 Raf8 28. h5 Rf3+ 29. Rxf3 Rxf3+ 30. Kd2 Rf4 31. Ng5 Rxf2+ 32. Kd3 Rg2 33. Ne6 Rg3+ 34. Ke4 Nf3 35. Kf5 Rh3 36. Kg4 Rh2 37. Kxf3 Rxh5 38. Rf1 Rf5+ 39. Ke2 Rh5 40. Rf8+ Kh7 41. Rf7+ Kg6 42. Rxc7 Rh2+ 43. Kd3 Rh3+ 44.
Kc2 Rh2+ 45. Kb3 Rh3+ 46. Ka4 e4 47. Nf4+ Kf5 48. Nxh3 e3 49. Re7 1-0

[Event "Early-Titled-Tuesday-Blitz-February-20-2024"]
[Site "Chess.com"]
[Date "2024.02.20"]
[Round "11"]
[White "CSB7"]
[Black "shimastream"]
[Result "1/2-1/2"]
[WhiteElo "2770"]
[BlackElo "2956"]
[TimeControl "180+1"]
[EndTime "10:09:34 PST"]
[Termination "Game drawn by repetition"]

1. e4 c6 2. d4 d6 3. Nc3 Kd7 4. f4 Qe8 5. Nf3 Kd8 6. Be3 Bg4 7. h3 Bxf3 8. Qxf3 e6 9. O-O-O d5 10. f5 Nf6 11. fxe6 fxe6 12. Bd3 Bb4 13. Ne2 dxe4 14. Bxe4 Nbd7 15. Bf4 Rf8 16. Qb3 Nxe4 17. Qxb4 Nb6 18. Rhf1 Qe7 19. Qb3 Nd5 20. Kb1 a5 21. c4 a4 22. Qd3 Ndf6 23. Be5 Nd6 24. Nf4 g5 25. Ne2 Kd7 26. Nc3 a3 27. b3 Rad8 28. Rfe1 Qf7 29. Na4 Nfe8 30. Nc5+ Kc8 31. Bg3 Nc7 32. Qc3 Nf5 33.
Bxc7 Qxc7 34. Nxe6 Qd6 35. Nxf8 Rxf8 36. Qd3 Nh4 37. d5 Rf2 38. dxc6 Qxd3+ 39. Rxd3 bxc6 40. b4 Nxg2 41. Re8+ Kc7 42. Re7+ Kb6 43. Rxa3 Rf1+ 44. Kb2 Rf2+ 45. Kc1 Nf4 46. Ra5 Nd3+ 47. Kd1 Nb2+ 48. Kc1 Nd3+ 49. Kd1 Nb2+ 50. Ke1 Nd3+ 51. Kd1 1/2-1/2

[Event "Early-Titled-Tuesday-Blitz-February-20-2024"]
[Site "Chess.com"]
[Date "2024.02.20"]
[Round "11"]
[White "Mops_2004"]
[Black "kpio91"]
[Result "1-0"]
[WhiteElo "2767"]
[BlackElo "2876"]
[TimeControl "180+1"]
[EndTime "10:09:35 PST"]
[Termination "Mops_2004 won on time"]

1. g3 d5 2. Nf3 g6 3. Bg2 Bg7 4. d4 Nf6 5. O-O O-O 6. c4 c6 7.
b3 Ne4 8. Bb2 a5 9. Nc3 Bf5 10. e3 Nxc3 11. Bxc3 Be4 12. Qe2 Nd7 13.
Rfc1 e6 14. Bf1 dxc4 15. bxc4 c5 16. Bg2 Rc8 17. Rd1 Qc7 18. Rac1 Rfd8 19. Qb2 b6 20. h4 Qb7 21. Ne1 Bxg2 22. Nxg2 cxd4 23. Bxd4 e5 24. Bc3 Rxc4 25. Bxa5 Rxc1 26. Rxc1 Ra8 27. Bb4 h5 28. a3 e4 29. Bc3 Bxc3 30. Qxc3 Nc5 31. Nf4 Rd8 32.
Qf6 Qc7 33. Rb1 Rd6 34. Qg5 Kh7 35. Nd5 Qc6 36. Nf4 Qd7 37. Kg2 Rd2 38. Rxb6 Nd3 39. Nxd3 exd3 40. Rf6 Re2 41. Qf4 Kg8 42. Rd6 Qb7+ 43.
Qf3 Qb5 44. Rd8+ Kg7 45. Rd6 Qe5 46. Rd5 Rb2 47. Rxe5 d2 48. Rd5 1-0

[Event "Early-Titled-Tuesday-Blitz-February-20-2024"]
[Site "Chess.com"]
[Date "2024.02.20"]
[Round "11"]
[White "Ati1517"]
[Black "ural58"]
[Result "1-0"]
[WhiteElo "2275"]
[BlackElo "2488"]
[TimeControl "180+1"]
[EndTime "10:09:35 PST"]
[Termination "Ati1517 won on time"]

1. e4 d5 2. exd5 Qxd5 3. Nc3 Qa5 4. d4 Nf6 5. Bd2 Bg4 6. Be2 Bxe2 7. Qxe2 Nc6 8. Nf3 O-O-O 9. Be3 e5 10. dxe5 Ne4 11.
O-O Nxc3 12. bxc3 Qxc3 13. Qb5 a6 14. Qa4 Qb4 15. Qb3 Qxb3 16. axb3 Bb4 17. Rad1 Rhe8 18. Rxd8+ Kxd8 19. Rd1+ Kc8 20. Bf4 h6 21. h4 Bc3 22.
Rd3 Bxe5 23. Nxe5 Nxe5 24. Re3 f6 25. Bxe5 Rxe5 26. Rg3 Re7 27. Rg6 b5 28. g4 a5 29.
g5 hxg5 30. hxg5 Rf7 31. gxf6 gxf6 32. Rh6 Kb7 33. Rh4 Kb6 34. Kf1 c5 35. Ke2 Ra7 36.
Rh6 a4 37. Rxf6+ Kc7 38. bxa4 bxa4 39. Rf7+ Kb6 40. Rxa7 Kxa7 41. Kd3 a3 42. Kc3 c4 43. f4 Kb6 44. f5 Kc6 45. f6 Kd6 46. Kd4 Ke6 47.
Kxc4 a2 48. Kb3 a1=Q 49. c4 Qb2+ 50. Kxb2 1-0

[Event "Early-Titled-Tuesday-Blitz-February-20-2024"]
[Site "Chess.com"]
[Date "2024.02.20"]
[Round "11"]
[White "yuriydovzik"]
[Black "cristiano78"]
[Result "1-0"]
[WhiteElo "2161"]
[BlackElo "2253"]
[TimeControl "180+1"]
[EndTime "10:09:35 PST"]
[Termination "yuriydovzik won by resignation"]

1. a3 Nf6 2. b4 g6 3. Bb2 Bg7 4. c4 O-O 5. g3 d5 6. cxd5 Nxd5 7. Bxg7 Kxg7 8. Bg2 Nc6 9. Nf3 e5 10. d3 f5 11. O-O Be6 12. Qc2 Nd4 13. Nxd4 exd4 14.
Qb2 Nf6 15. Nd2 c6 16. Nf3 Bd5 17. Qxd4 Bxf3 18. Qxd8 Raxd8 19. Bxf3 Rfe8 20. Rfc1 g5 21. Rc2 Re7 22. Rb1 Rde8 23. Rbb2 h5 24. Rc5 Kg6 25.
b5 g4 26. Bg2 Rxe2 27. Rxe2 Rxe2 28. bxc6 bxc6 29. Rxc6 Rd2 30. Bf1 Kg5 31. Ra6 f4 32. Ra5+ Kg6 33. gxf4 h4 34. h3 gxh3 35. Bxh3 Kf7 36.
Bf5 Nh5 37. Rxa7+ Kf6 38. Be4 Nxf4 39. Ra6+ Ke5 40. Ra5+ Ke6 41. Rf5 Nxd3 42. Bxd3 Rxd3 43. Ra5 Kf6 44. Kg2 Kg6 45. a4 Ra3 46. Ra8 Kf6 47. a5 Ke6 48. a6 Kd7 49. a7 Kc7 50. Rh8 Rxa7 51. Rh7+ Kb6 52. Rxa7 Kxa7 53. Kh3 Kb8 54. Kxh4 Kc8 55. Kg5 Kd8 56. Kf6 Ke8 57. f4 Kf8 58. f5 Kg8 59. Ke7 Kg7 60. f6+ Kg6 61. f7 Kg5 62. f8=Q 1-0

[Event "Early-Titled-Tuesday-Blitz-February-20-2024"]
[Site "Chess.com"]
[Date "2024.02.20"]
[Round "11"]
[White "ikhasu"]
[Black "Mesa_1"]
[Result "1-0"]
[WhiteElo "2479"]
[BlackElo "2562"]
[TimeControl "180+1"]
[EndTime "10:09:37 PST"]
[Termination "ikhasu won by resignation"]

1. d4 d6 2. e4 Nf6 3. Nc3 e5 4. Nf3 Nbd7 5. Bc4 Be7 6. O-O O-O 7. a4 c6 8. Qe2 h6 9. Rd1 Qc7 10. Ba2 b6 11. h3 a6 12. Be3 Re8 13. Qc4 Rf8 14. Nd5 Nxd5 15. exd5 Bb7 16. dxe5 Nxe5 17.
Nxe5 dxe5 18. Qg4 Kh7 19. c4 f5 20. Qh5 Bd6 21. Rac1 c5 22. Bb1 e4 23. f3 Rae8 24.
fxe4 fxe4 25. Rf1 Qe7 26. Qg4 Rxf1+ 27. Rxf1 Bc8 28. Qh5 Qe5 29. Qxe5 Bxe5 30. Bxe4+ Kg8 31. Bg6 Bh2+ 32. Kxh2 Rxe3 33. Rf3 Re2 34. Rb3 Kf8 35.
Rxb6 Ke7 36. Rb8 Bd7 37. Rb7 Kd6 38. Rb6+ Ke5 39. Rxa6 Kd4 40. a5 Ba4 41. Re6 Rxb2 42.
d6 Kxc4 43. Re4+ Kb5 44. Be8+ Kxa5 45. Rxa4+ Kb6 46. d7 Rd2 47. Ra8 Kc7 48. Rc8+ Kb7 49. d8=Q Rxd8 50. Rxd8 c4 51. Bg6 1-0

[Event "Early-Titled-Tuesday-Blitz-February-20-2024"]
[Site "Chess.com"]
[Date "2024.02.20"]
[Round "11"]
[White "David_George21"]
[Black "malakismayil"]
[Result "1-0"]
[WhiteElo "2365"]
[BlackElo "2518"]
[TimeControl "180+1"]
[EndTime "10:09:38 PST"]
[Termination "David_George21 won on time"]

1. e4 e5 2. Nf3 Nc6 3. Bb5 a6 4. Ba4 Nf6 5. O-O b5 6. Bb3 Be7 7. Re1 O-O 8. a4 b4 9. d3 h6 10. h3 d6 11. Nbd2 Na5 12. Ba2 c5 13. Nf1 Re8 14. Ne3 Bf8 15. Nd5 Be6 16. c3 Bxd5 17.
exd5 Rb8 18. c4 g6 19. b3 Bg7 20. Bb2 Nh5 21. Bb1 f5 22. g3 Kh7 23. Bc2 Rf8 24.
Qe2 Qd7 25. Kg2 Rbe8 26. Nh4 f4 27. d4 e4 28. Bxe4 Rxe4 29. Qxe4 Qf7 30. Qe6 fxg3 31.
Qxf7 Rxf7 32. fxg3 Nxb3 33. Rad1 Bxd4 34. Bxd4 Nxd4 35. Rf1 Rxf1 36. Rxf1 Kg7 37. Nf3 Nf5 38. Re1 Nf6 39. Re6 Kf7 40. Nd2 Nd4 41. Re3 Nd7 42. Nf3 Nf6 43. Nxd4 cxd4 44. Rd3 Ne4 45. Rxd4 Nc5 46. Rd2 Nxa4 47. Ra2 Nc5 48. Rxa6 Ke7 49.
Rb6 b3 50. Kf3 Kd7 51. g4 Kc7 52. Rb5 Kd7 53. Kf4 1-0

[Event "Early-Titled-Tuesday-Blitz-February-20-2024"]
[Site "Chess.com"]
[Date "2024.02.20"]
[Round "11"]
[White "Nouali_Mohamed"]
[Black "emeli_chess"]
[Result "1-0"]
[WhiteElo "2533"]
[BlackElo "2407"]
[TimeControl "180+1"]
[EndTime "10:09:38 PST"]
[Termination "Nouali_Mohamed won by resignation"]

1. Nf3 f5 2. e4 fxe4 3. Ng5 Nf6 4. d3 e6 5. dxe4 Nc6 6. Nc3 Bb4 7. Bd3 h6 8. Nh3 O-O 9. O-O Qe8 10. Ne2 Qh5 11.
Nhf4 Qf7 12. Ng3 Ne5 13. Be2 b6 14. a3 Bd6 15. f3 Bc5+ 16. Kh1 a5 17. Nd3 Nxd3 18.
Bxd3 Ba6 19. Bxa6 Rxa6 20. Qe2 Raa8 21. Be3 Bxe3 22. Qxe3 d5 23. Rae1 c5 24. c3 Rad8 25.
exd5 exd5 26. Qe6 Qxe6 27. Rxe6 b5 28. Nf5 Rfe8 29. Nxh6+ gxh6 30. Rxf6 Re2 31. Rb1 d4 32. cxd4 cxd4 33. Rc6 d3 34. Rcc1 d2 35. Rd1 Rde8 36. Kg1 Re1+ 37. Kf2 R8e2+ 38. Kg3 Kg7 39. Rxd2 Rxd2 40.
Rxe1 Rxb2 41. Re7+ Kf6 42. Ra7 a4 43. Ra6+ Kg7 44. Rb6 Rb3 45. h4 h5 46. Kf4 Rxa3 47.
Rxb5 Kh6 48. Rb6+ Kg7 49. Kg5 Ra2 50. Rb7+ Kg8 51. g4 hxg4 52. fxg4 a3 53. Ra7 Ra1 54.
h5 Kf8 55. Kg6 a2 56. g5 Ke8 57. h6 Kd8 58. h7 Rh1 59. Rxa2 1-0

[Event "Early-Titled-Tuesday-Blitz-February-20-2024"]
[Site "Chess.com"]
[Date "2024.02.20"]
[Round "11"]
[White "ChessQueen"]
[Black "hansen"]
[Result "0-1"]
[WhiteElo "2738"]
[BlackElo "2909"]
[TimeControl "180+1"]
[EndTime "10:09:39 PST"]
[Termination "hansen won by resignation"]

1. e4 d6 2. d4 Nf6 3. Nc3 e5 4. Nge2 Nbd7 5. h3 Be7 6. g4 g6 7. Bg2 c6 8. O-O O-O 9. f4 exd4 10. Nxd4 Nb6 11. f5 Nc4 12. Qe2 Ne5 13. Nf3 Nfd7 14. Be3 Nxf3+ 15. Bxf3 Ne5 16. Bg2 Kh8 17. Rad1 Rg8 18.
Kh1 Bd7 19. Bh6 g5 20. h4 gxh4 21. Bh3 f6 22. Rg1 Qb6 23. b3 Be8 24. Be3 Qa5 25.
Bd4 Bf7 26. a4 Rg5 27. Rg2 Rag8 28. Rdg1 Bd8 29. Nd1 Bb6 30. Bc3 Qa6 31. Qxa6 bxa6 32. Bd2 Bxg1 33. Bxg5 fxg5 34. Kxg1 h5 35. Ne3 hxg4 36.
Nxg4 Nxg4 37. Bxg4 Kg7 38. Rd2 Re8 39. Bf3 d5 40.
exd5 cxd5 41. Bxd5 Bxd5 42. Rxd5 Re3 43. Kf2 Rc3 44.
Rd6 Rxc2+ 45. Kf3 Rc3+ 46. Kg4 Rg3+ 47. Kh5 h3 48. Rd7+ Kf8 49. Kg6 Ke8 50. Rxa7 g4 51. Ra8+ Kd7 52. f6 h2 53. Rh8 Rh3 54. Rxh3 gxh3 55.
f7 h1=Q 56. f8=Q Qe4+ 57. Kg5 Qe7+ 58. Qxe7+ Kxe7 0-1

[Event "Early-Titled-Tuesday-Blitz-February-20-2024"]
[Site "Chess.com"]
[Date "2024.02.20"]
[Round "11"]
[White "Beca95"]
[Black "Oleksandr_Bortnyk"]
[Result "0-1"]
[WhiteElo "2904"]
[BlackElo "3076"]
[TimeControl "180+1"]
[EndTime "10:09:40 PST"]
[Termination "Oleksandr_Bortnyk won by resignation"]

1. d4 d6 2. e4 Nf6 3. Nc3 Nbd7 4. Nf3 e5 5. Rg1 c6 6. g4 h6 7. h4 exd4 8. Nxd4 Ne5 9. Be2 d5 10. exd5 Nxd5 11. Nxd5 Qxd5 12. c3 Bc5 13. Be3 O-O 14. Nc2 Bxe3 15. Nxe3 Qe4 16. h5 Be6 17. Qd4 Nf3+ 18. Bxf3 Qxf3 19. Qd1 Qf4 20. Qd4 Qxd4 21. cxd4 Rad8 22. Nc2 Rfe8 23. Kd2 f5 24. g5 Kh7 25. g6+ Kg8 26. Rge1 f4 27. Re5 Bg4 28. Rae1 Rxe5 29. Rxe5 Kf8 30. Kd3 Re8 31. Ke4 Bxh5 32. Kf5 Rd8 33. b3 Rd6 34. Kxf4 Bxg6 35. Ne3 Rxd4+ 36. Kf3 Rd2 37. Ra5 a6 38. Ra4 h5 39. Rb4 b5 40. a4 Bf7 41. axb5 axb5 42. Rf4 Ke8 43. b4 g6 44. Re4+ Kd7 45. Kg3 Bd5 46. Rf4 Ke7 47. Kh4 Bf7 48. Kg5 Rd6 49. Re4+ Re6 50. Rf4 Re5+ 51. Kh6 g5 52. Rf3 g4 53. Rf4 Be6 54. Ng2 c5 55. bxc5 Rxc5 56. Nh4 Kd6 57. Kg6 Rc4 58.
Rf6 Ke7 59. Kg7 Kd6 60. Nf5+ Ke5 61. Nh4 Rc7+ 62. Kg6 b4 63. Kg5 Rg7+ 64. Ng6+ Kd6 65. Kh6 Rf7 66. Rxf7 Bxf7 67. Nf4 b3 68. Nd3 h4 69. Kg5 h3 0-1

[Event "Early-Titled-Tuesday-Blitz-February-20-2024"]
[Site "Chess.com"]
[Date "2024.02.20"]
[Round "11"]
[White "Hovik_Hayrapetyan"]
[Black "Skatchkov_V"]
[Result "0-1"]
[WhiteElo "2890"]
[BlackElo "2654"]
[TimeControl "180+1"]
[EndTime "10:09:41 PST"]
[Termination "Skatchkov_V won by resignation"]

1. d4 Nf6 2. c4 e6 3. Nc3 Bb4 4. Nf3 O-O 5. Bg5 h6 6. Bh4 c5 7. Rc1 d5 8. cxd5 exd5 9. e3 c4 10. Be2 Nc6 11. O-O Be6 12. Ne5 Be7 13. Nxc6 bxc6 14.
Bg3 Bf5 15. b3 Ba3 16. bxc4 Bxc1 17. Qxc1 Ne4 18. Nxe4 Bxe4 19. c5 Re8 20. Ba6 Qa5 21. Bb7 Rab8 22. Bxc6 Rb1 23. Qxb1 Bxb1 24. Rxb1 Qxa2 25.
Rf1 Re7 26. h4 a5 27. Bd6 Re6 28. Bd7 Rxd6 29. cxd6 Qa3 30. Bg4 Qxd6 31. Ra1 Qb4 32. Bf3 Qb5 33. g4 g6 34. Kg2 Kf8 35. Rc1 a4 36. Rc5 Qb2 37. Bxd5 a3 38. Ra5 Qb4 39. Ra8+ Ke7 40. Ra7+ Kd6 41. Bxf7 g5 42. h5 Qb6 43. Rxa3 Qb7+ 44. Kg3 Qxf7 45. Ra5 Qc7 46. Ra6+ Kd5+ 47. Kg2 Qg7 48. Rg6 Qd7 49. f3 Qe7 50. Kf2 Kc4 51. Rxh6 Kd3 52. e4 Qc7 53. Rg6 Qh2+ 54. Kf1 Ke3 0-1

[Event "Early-Titled-Tuesday-Blitz-February-20-2024"]
[Site "Chess.com"]
[Date "2024.02.20"]
[Round "11"]
[White "angelgab3"]
[Black "Anton_Demchenko"]
[Result "0-1"]
[WhiteElo "2769"]
[BlackElo "2912"]
[TimeControl "180+1"]
[EndTime "10:09:42 PST"]
[Termination "Anton_Demchenko won on time"]

1. e4 e5 2. Nf3 Nc6 3. Bb5 a6 4.
Ba4 Nge7 5. O-O Ng6 6. c3 d6 7.
d4 Bd7 8. Be3 Be7 9. Nbd2 O-O 10. Re1 b5 11. Bb3 exd4 12. cxd4 Na5 13. Bc2 c5 14.
Rc1 Re8 15. Bb1 Rc8 16. h3 h6 17. a4 bxa4 18. dxc5 dxc5 19. Bc2 a3 20. bxa3 c4 21. Nb1 Rb8 22. Ba4 Bb5 23. Nfd2 Ne5 24. Bc2 Rb7 25. a4 Bc6 26. Nc3 Rd7 27. Qe2 Nd3 28. Bxd3 cxd3 29.
Qg4 Rd6 30. Red1 Rg6 31. Qf3 Bf8 32. Nf1 Nc4 33. Nd5 Ne5 34. Qf5 Bxd5 35. exd5 Qxd5 36.
Ng3 Rc6 37. Rxc6 Qxc6 38. Bd4 Qxa4 39. Rxd3 Nxd3 40. Qxd3 Qb5 41. Qf3 Rd8 42. Nf5 Qd5 43.
Qg4 Qe6 44. Be3 Qg6 45. Qe4 a5 46. g3 a4 47. g4 a3 48. Qa4 Qe6 49. Qa5 Rc8 0-1

[Event "Early-Titled-Tuesday-Blitz-February-20-2024"]
[Site "Chess.com"]
[Date "2024.02.20"]
[Round "11"]
[White "yaguigor"]
[Black "dosto07"]
[Result "0-1"]
[WhiteElo "2636"]
[BlackElo "2505"]
[TimeControl "180+1"]
[EndTime "10:09:42 PST"]
[Termination "dosto07 won by resignation"]

1. e4 e5 2. Nf3 Nc6 3. Bb5 a6 4. Ba4 Nf6 5. O-O Be7 6. d3 d6 7. c3 O-O 8. Nbd2 b5 9. Bc2 Bb7 10. Re1 Re8 11. a4 Bf8 12. Nf1 d5 13. Qe2 d4 14.
Ng3 dxc3 15. bxc3 b4 16. Bb2 bxc3 17. Bxc3 Bb4 18. Qd2 a5 19. Bb3 Bc8 20. Ng5 Re7 21.
Bxb4 axb4 22. Rac1 Nd4 23. Qxb4 Bg4 24. Bd1 h6 25. Bxg4 Nxg4 26. Nh3 c6 27. Qc4 Rea7 28. Ra1 Qd7 29. f3 Nf6 30. Nf2 Qe6 31. Qxe6 fxe6 32.
Ne2 Rxa4 33. Rxa4 Rxa4 34. Nxd4 Rxd4 35. Rc1 Rd6 36. g3 Kf8 37. f4 Nd7 38. Kg2 Ke7 39. Kf3 c5 40. Ke3 Ra6 41. Ng4 exf4+ 42. gxf4 Ra2 43.
Rb1 Rg2 44. Kf3 Rd2 45. Nf2 g5 46. fxg5 hxg5 47. Rb7 Kd6 48. h3 Ne5+ 49. Ke3 Rc2 50.
Rb6+ Nc6 51. Ng4 Kc7 52. Rb1 Nd4 53. Re1 Rg2 54. e5 Nc2+ 55. Kf3 Nxe1+ 0-1

[Event "Early-Titled-Tuesday-Blitz-February-20-2024"]
[Site "Chess.com"]
[Date "2024.02.20"]
[Round "11"]
[White "AsaHoffmann"]
[Black "MaestroCheck"]
[Result "0-1"]
[WhiteElo "2372"]
[BlackElo "2549"]
[TimeControl "180+1"]
[EndTime "10:09:43 PST"]
[Termination "MaestroCheck won by checkmate"]

1. d4 d5 2. Bg5 f6 3. Bf4 Nc6 4. Nf3 g5 5. Bg3 g4 6. Nh4 f5 7. e3 e5 8. dxe5 Be7 9. Nc3 Bxh4 10. Qxd5 Bxg3 11. hxg3 Nge7 12. Qxd8+ Nxd8 13. f4 gxf3 14. gxf3 Bd7 15. O-O-O Bc6 16. Be2 Nf7 17. Nb5 Bxb5 18. Bxb5+ c6 19. Bc4 Nxe5 20. Be6 Rd8 21. Rdf1 Rd6 22.
Bb3 h5 23. e4 fxe4 24. fxe4 Rg6 25. Rh3 Rg5 26. Rfh1 N7g6 27. Be6 Ke7 28. Bf5 Kf6 29. Rf1 Kg7 30. Rd1 Ne7 31. Be6 Kf6 32. Rd6 Nf7 33. Bxf7+ Kxf7 34. Rd7 Rb8 35. Kd2 Ke6 36. Rd3 Ng6 37.
Ke3 Ne5 38. Rb3 b5 39. a4 Rf8 40. axb5 Rf3+ 41. Kd4 Rxb3 42. cxb3 cxb5 43. Kc5 Nd3+ 44.
Kc6 Nf2 45. Rh4 Ke5 46. Kxb5 Nxe4 47. Ka6 Nxg3 48. b4 Nf5 49. Rh1 h4 50. b5 Nd4 51.
Kxa7 Nxb5+ 52. Kb6 Nd6 53. Rxh4 Kd5 54. Rh1 Nc4+ 55. Kb5 Nxb2 56. Rh2 Nd3 57. Rh8 Kd4+ 58. Kb6 Nf4 59. Rh4 Ke5 60. Rh1 Nd5+ 61. Kc5 Ne3 62. Kc6 Rg2 63. Re1 Rc2+ 64. Kb5 Kd4 65. Kb6 Nd5+ 66.
Kb7 Kc5 67. Re5 Rb2+ 68. Kc8 Kd6 69. Rh5 Ne7+ 70. Kd8 Rb8# 0-1

[Event "Early-Titled-Tuesday-Blitz-February-20-2024"]
[Site "Chess.com"]
[Date "2024.02.20"]
[Round "11"]
[White "TigrVShlyape"]
[Black "sokidze"]
[Result "1-0"]
[WhiteElo "2919"]
[BlackElo "2793"]
[TimeControl "180+1"]
[EndTime "10:09:44 PST"]
[Termination "TigrVShlyape won by resignation"]

1. d4 d5 2. Bf4 Nf6 3. e3 e6 4.
Nf3 Bd6 5. Nbd2 O-O 6. Bd3 c5 7. c3 Bxf4 8. exf4 b6 9. Qe2 a5 10. O-O Ba6 11. Bxa6 Nxa6 12. Rfe1 Qd6 13. g3 Rfc8 14. h4 h6 15. a3 cxd4 16. Nxd4 Nc5 17. f5 Re8 18. fxe6 Nxe6 19. Nxe6 Rxe6 20. Qd3 Rae8 21.
Nf3 Qc5 22. Rxe6 Rxe6 23. Nd4 Re4 24. Rd1 g6 25. Kg2 Kg7 26. Nc2 Ng4 27. Rd2 Nf6 28. Ne3 Re5 29. Qd4 Qxd4 30. Rxd4 Kf8 31. a4 Ke7 32.
Rd3 Re4 33. b3 Kd6 34. f3 Re6 35. g4 g5 36. h5 Kc5 37. Kf2 Rc6 38. Nf5 Nd7 39.
Re3 Rf6 40. Re7 Kc6 41. Ke3 Nc5 42. Nd4+ Kd6 43. Re8 Ne6 44. Nf5+ Ke5 45. b4 axb4 46.
cxb4 d4+ 47. Nxd4 Kd5 48. Nxe6 fxe6 49. Rd8+ Kc6 50. Rg8 Kd5 51. Rg6 Rf4 52. a5 Rxb4 53.
axb6 Rxb6 54. Rxh6 Rb3+ 55. Kf2 Ke5 56. Rg6 Kf4 57.
Rf6+ Ke5 58. Rf7 Rb2+ 59. Kg3 Rb1 60. h6 Rh1 61. h7 Rh6 62. f4+ gxf4+ 63. Kf3 Rh3+ 64.
Kg2 Rh4 65. g5 Ke4 66. g6 f3+ 67. Rxf3 Rg4+ 68. Rg3 1-0

[Event "Early-Titled-Tuesday-Blitz-February-20-2024"]
[Site "Chess.com"]
[Date "2024.02.20"]
[Round "11"]
[White "PavelShkapenko"]
[Black "zverr1"]
[Result "1-0"]
[WhiteElo "2715"]
[BlackElo "2551"]
[TimeControl "180+1"]
[EndTime "10:09:47 PST"]
[Termination "PavelShkapenko won by checkmate"]

1. e4 c5 2. c3 g6 3. d4 cxd4 4. cxd4 d5 5. Nc3 dxe4 6. Bc4 Nc6 7. Qb3 e6 8. d5 Nd4 9. dxe6 Nxb3 10. exf7+ Kd7 11. fxg8=Q Rxg8 12. axb3 Bd6 13. Nge2 a6 14.
O-O Kc7 15. Rd1 Bg4 16. Nxe4 Bxe2 17. Bxe2 Qe7 18. Nxd6 Qxe2 19. Bf4 Kb6 20. Rd4 Rad8 21. Rb4+ Kc5 22. Rc4+ Kb6 23. Be3+ Qxe3 24. fxe3 Rxd6 25.
Rf1 Re8 26. Rb4+ Ka7 27. Rf7 Rb6 28. Rxb6 Kxb6 29. Kf2 Re5 30. Rxh7 Rb5 31. Rg7 Rxb3 32. Rxg6+ Kb5 33. h4 Rxb2+ 34. Kf3 a5 35. h5 Rb1 36. Rg3 Rf1+ 37. Ke4 a4 38. Rg7 b6 39. g4 a3 40. Ra7 Kb4 41. h6 Rh1 42. g5 Kb3 43. Rb7 a2 44. Rxb6+ Kc4 45. Ra6 a1=Q 46. Rxa1 Rxa1 47.
Kf5 Kd3 48. h7 Rh1 49. g6 Kxe3 50.
g7 Rf1+ 51. Ke5 Kf3 52. g8=Q Re1+ 53. Kf5 Re4 54. Qd5 Kg3 55. Qxe4 Kf2 56. h8=Q Kg1 57. Qa1+ Kf2 58. Qa2+ Kg1 59. Qeb1# 1-0

[Event "Early-Titled-Tuesday-Blitz-February-20-2024"]
[Site "Chess.com"]
[Date "2024.02.20"]
[Round "11"]
[White "JonaszBaum"]
[Black "A-Fier"]
[Result "0-1"]
[WhiteElo "2732"]
[BlackElo "2857"]
[TimeControl "180+1"]
[EndTime "10:09:49 PST"]
[Termination "A-Fier won on time"]

1. Nf3 c5 2. c4 Nf6 3. Nc3 e6 4. g3 b6 5. Bg2 Bb7 6. O-O a6 7. b3 Be7 8. Bb2 d6 9. d4 cxd4 10. Qxd4 Nbd7 11. Rfd1 O-O 12. Rac1 Qc7 13. a4 Rac8 14.
Qh4 Rfe8 15. Qh3 h6 16. Nd2 Nc5 17. Bxb7 Qxb7 18. Qg2 Qb8 19. b4 Ncd7 20. Nce4 d5 21. Nxf6+ Nxf6 22. Bxf6 Bxf6 23. cxd5 exd5 24. Nb3 Rxe2 25.
Qxd5 Rce8 26. Nd4 Bxd4 27. Qxd4 Qb7 28. Qc3 Qe4 29. a5 b5 30. Rd2 h5 31. Rxe2 Qxe2 32. Kg2 g6 33. h4 Qe4+ 34. Kg1 Qe2 35. Kg2 Re6 36. Qc8+ Kg7 37. Qc3+ Rf6 38. Rf1 Qe4+ 39. Kg1 Qf5 40. Kg2 Kh7 41. Qd4 Re6 42. Rc1 Re4 43.
Qc5 Qe6 44. Rd1 Re2 45. Rd4 Re1 46. Rf4 Kg8 47. Rf3 Re4 48. Qc7 Rc4 49. Qd8+ Kg7 50. Qb8 Rxb4 51. Qd8 Re4 52. Qc7 b4 53. Qb8 Rd4 54.
Qa7 Qd5 55. Qb8 Rd3 0-1